 Dungeon Sprint DCSS version 0.26-a0-720-g2a1d101370 (webtiles) character file.

Game seed: 3574929274205971325

560267 mhtbhm the Minotaur Barricade (level 22, -5/233 HPs)
             Began as a Minotaur Fighter on Nov 2, 2020.
             Was the Champion of Trog.
             Slain by Antaeus (46 damage)
             ... in the Dungeon (Sprint IX: "|||||||||||||||||||||||||||||").
             The game lasted 00:31:21 (12056 turns).

mhtbhm the Minotaur Barricade (Minotaur Fighter)   Turns: 12056, Time: 00:31:23

Health: -5/233     AC: 46    Str: 30    XL:     22   Next: 24%
Magic:  21/21      EV: 27    Int: 13    God:    Trog [******]
Gold:   138        SH: 28    Dex: 14    Spells: 21/21 levels left

rFire    + . .     SeeInvis .   I - +6 double sword (holy)
rCold    + + .     Faith    .   u - +0 tower shield of Grace {rElec rPois Int+4}
rNeg     . . .     Spirit   .   b - +12 gold dragon scales
rPois    +         Reflect  .   m - +1 hat
rElec    +         Harm     .   t - scarf {+Inv}
rCorr    .         Rampage  .   o - +1 pair of gloves
MR       ++++.     NoTele   +   n - +1 pair of boots
Stlth    ++........             D - amulet of regeneration
HPRegen  0.88/turn              P - ring of the Illusory Visions {Int+4 Dex+3 Slay+6}
MPRegen  0.17/turn              Q - ring of Xodog {MR+++ EV+3 Slay-3}

@: hasted and slowed
A: retaliatory headbutt, horns 2, repulsion field 1, cold resistance 1
}: 9/17 runes: decaying, serpentine, barnacled, slimy, elven, silver, golden,
abyssal, gossamer
a: Berserk, Trog's Hand, Brothers in Arms, Renounce Religion, Evoke Invisibility


You were in the Dungeon.
You worshipped Trog.
Trog was exalted by your worship.
You visited 1 branch You collected 1929 gold pieces.
You spent 1791 gold pieces at shops.

Inventory:

Hand Weapons
 a - the +7 double sword of Brutal Revenge {flame, Int+2}
   (Trog gifted it to you in the Dungeon)

   It has been specially enchanted to burn those struck by it, causing extra
   injury to most foes and up to half again as much damage against particularly
   susceptible opponents.
   Big, fiery blades are also staple armaments of hydra-hunters.
   It affects your intelligence (+2).
 I - a +6 double sword of holy wrath (weapon)
Missiles
 l - 2 javelins
 H - a silver javelin (quivered)
Armour
 b - +12 gold dragon scales (worn)
 c - a +1 kite shield of reflection
 m - a +1 hat (worn)
 n - a +1 pair of boots (worn)
 o - a +1 pair of gloves (worn)
 t - a scarf of invisibility (worn)
 u - the +0 tower shield of Grace (worn) {rElec rPois Int+4}
   (You found it in the Dungeon)

   It affects your intelligence (+4).
   It insulates you from electricity.
   It protects you from poison.
Jewellery
 y - the ring of Quhy {rPois rCorr Str+5}
   (You bought it in a shop in the Dungeon)

   [ring of resist corrosion]

   It affects your strength (+5).
   It protects you from poison.
   It provides partial protection from all sources of acid and corrosion.
 D - an amulet of regeneration (around neck)
 P - the ring of the Illusory Visions (left hand) {Int+4 Dex+3 Slay+6}
   (You found it in the Dungeon)

   [ring of dexterity]

   It affects your intelligence (+4).
   It affects your dexterity (+3).
   It affects your accuracy and damage with ranged weapons and melee attacks
   (+6).
 Q - the ring of Xodog (right hand) {MR+++ EV+3 Slay-3}
   (You found it in the Dungeon)

   [ring of evasion]

   It affects your evasion (+3).
   It affects your accuracy and damage with ranged weapons and melee attacks
   (-3).
   It affects your resistance to hostile enchantments.
 S - the ring "Peimn" {rF+ rC+++ MR+ Str-2 Dex+3}
   (You found it in the Dungeon)

   [ring of dexterity]

   It affects your strength (-2).
   It affects your dexterity (+3).
   It protects you from fire.
   It renders you almost immune to cold.
   It affects your resistance to hostile enchantments.
Wands
 K - a wand of digging (8)
Scrolls
 k - 9 scrolls of remove curse
 v - 3 scrolls of fear
 w - a scroll of identify
 x - a scroll of immolation
 A - 6 scrolls of fog
Potions
 d - a potion of might
 e - 5 potions of curing
 f - 6 potions of heal wounds
 g - 4 potions of haste
 h - 9 potions of magic
 i - a potion of invisibility
 j - a potion of mutation
 p - 2 potions of berserk rage
 q - 5 potions of stabbing
 z - a potion of ambrosia
 E - 3 potions of lignification
 L - 3 potions of brilliance
 M - a potion of cancellation
 O - a potion of flight
Miscellaneous
 r - the horn of Geryon
 B - a lightning rod (4/4)
 N - a condenser vane (1/2)


   Skills:
 O Level 27 Fighting
 O Level 27 Long Blades
 O Level 27 Throwing
 O Level 27 Armour
 O Level 27 Dodging
 O Level 27 Stealth
 O Level 27 Shields
 O Level 27 Unarmed Combat
 O Level 27 Evocations


You had 21 spell levels left.
You didn't know any spells.
Your spell library was empty.

Dungeon Overview and Level Annotations

Branches:
Dungeon (1/1)

Altars:
Cheibriados
Dithmenos
Elyvilon
Fedhas
Gozag
Hepliaklqana
Kikubaaqudgha
Makhleb
Nemelex Xobeh
Okawaru
Qazlal
Ru
Sif Muna
Trog
Uskayaw
Vehumet
Wu Jian
Xom
Yredelemnul
Zin
The Shining One
Beogh
Jiyva
Lugonu

Shops:
D **([

Annotations:
D Antaeus, Gloorx Vloq


Innate Abilities, Weirdness & Mutations

You reflexively headbutt those who attack you in melee.
You have a pair of horns on your head.
You are surrounded by a mild repulsion field. (EV +2)
Your flesh is cold resistant. (rC+)


Message History

The silver javelin pierces through the Executioner!!
You kill the Executioner!
The silver javelin pierces through the Executioner!!!
You kill the Executioner!
You are engulfed in dark miasma.
You are more poisoned.
You feel yourself slow down.
* * * LOW HITPOINT WARNING * * *
x2 You feel very sick.
Gloorx Vloq is engulfed in blazing flames.
Unknown command.
Unknown command.
Unknown command.
You feel better.
You are engulfed in dark miasma.
* * * LOW HITPOINT WARNING * * *
Gloorx Vloq is engulfed in blazing flames.
Gloorx Vloq gestures.
Gloorx Vloq is engulfed in blazing flames.
Antaeus hits you!!!
You die...

)▓.▓)▓.▓.▓.▓)▓.▓.▓
)▓.▓)▓.▓.▓.▓.▓.▓°▓
.▓.▓.▓.▓.▓.▓.▓.▓°▓
.▓.▓.▓.▓.▓.▓)▓.▓°▓
)▓.▓[▓.▓.▓.▓'▓.▓°▓
.▓.▓.▓.▓.▓.▓.▓.▓°▓
)▓.▓[▓.▓)▓.▓.▓.▓°▓
.▓.▓.▓.▓'▓.▓.▓.▓°▓
'▓.▓.▓.▓.▓.▓.▓.▓@▓
.▓.▓.▓.▓.▓.▓.▓.▓C▓
.▓.▓.▓.▓.▓.▓.▓.▓&▓
)▓.▓.▓.▓.▓.▓.▓.▓1▓
)▓.▓.▓.▓.▓.▓.▓.▓§▓
)▓.▓.▓.▓.▓.▓)▓.▓§▓
)▓.▓.▓.▓)▓.▓'▓.▓§▓
.▓.▓'▓.▓.▓.▓.▓.▓§▓
.▓.▓.▓.▓.▓.▓.▓)▓(▓


You could see Antaeus, Gloorx Vloq and an Executioner (summoned).

Vanquished Creatures
  Cerebov (D)
  Asmodeus (D)
  the Royal Jelly (D)
  Mnoleg (D)
  Lom Lobon (D)
  Dispater (D)
  6 orbs of fire (D)
  3 ancient liches (D)
  Mara (D)
  Mennas (D)
  8 greater mummies (D)
  Frederick (D)
  Boris (D)
  A caustic shrike (D)
  Geryon (D)
  A curse toe (D)
  2 golden dragons (D)
  Jory (D)
  2 electric golems (D)
  5 tentacled monstrosities (D)
  2 liches (D)
  4 deep elf blademasters (D)
  2 quicksilver dragons (D)
  28 Orb Guardians (D)
  8 acid blobs (D)
  2 deep elf master archers (D)
  A titan (D)
  A tentacled starspawn (D)
  14 sphinxes (D)
  4 storm dragons (D)
  10 shadow dragons (D)
  2 tengu reavers (D)
  4 azure jellies (D)
  6 nagarajas (D)
  3 fire giants (D)
  Ilsuiw (D)
  2 frost giants (D)
  Louise (D)
  A deep elf sorcerer (D)
  A draconian knight (D)
  A draconian scorcher (D)
  2 vault wardens (D)
  3 draconian shifters (D)
  An orc warlord (D)
  2 ghost moths (D)
  An emperor scorpion (D)
  3 ironheart preservers (D)
  4 draconian annihilators (D)
  A very ugly thing (D)
  A war gargoyle (D)
  2 entropy weavers (D)
  4 stone giants (D)
  4 green draconians (D)
  3 deep elf demonologists (D)
  10 vampire knights (D)
  A deep elf annihilator (D)
  A dire elephant (D)
  3 black draconians (D)
  A red draconian (D)
  2 white draconians (D)
  A purple draconian (D)
  5 yellow draconians (D)
  A merfolk javelineer (D)
  3 merfolk impalers (D)
  3 deep elf death magi (D)
  3 ettins (D)
  2 mummy priests (D)
  4 death oozes (D)
  3 ogre magi (D)
  A deep elf high priest (D)
  2 yaktaur captains (D)
  2 rakshasas (D)
  3 fire dragons (D)
  4 ice dragons (D)
  7 hydras (D)
  A boulder beetle (D)
  3 naga warriors (D)
  A centaur warrior (D)
  25 vault guards (D)
  A shambling mangrove (D)
  2 anacondas (D)
  A spriggan air mage (D)
  2 alligators (D)
  A death knight (D)
  5 merfolk aquamancers (D)
  4 orc high priests (D)
  2 tengu warriors (D)
  A deep troll earth mage (D)
  Urug (D)
  A deep troll shaman (D)
  A spriggan berserker (D)
  A shock serpent (D)
  Nergalle (D)
  2 wretched stars (D)
  2 naga sharpshooters (D)
  A skeletal warrior (D)
  A shadow wraith (D)
  A glowing orange brain (D)
  A sea snake (D)
  4 swamp dragons (D)
  2 starcursed masses (D)
  2 spriggan druids (D)
  2 ironbrand convokers (D)
  A harpy (D)
  3 orc knights (D)
  5 wolf spiders (D)
  A deep elf mage (D)
  A cyclops (D)
  5 orc sorcerers (D)
  2 ugly things (D)
  8 elephants (D)
  11 moths of wrath (D)
  3 manticores (D)
  3 guardian serpents (D)
  A water nymph (D)
  Joseph (D)
  2 black mambas (D)
  Psyche (D)
  4 cane toads (D)
  A naga mage (D)
  3 vault sentinels (D)
  A rime drake (D)
  2 komodo dragons (D)
  A yaktaur (D)
  A freezing wraith (D)
  A demonic crawler (D)
  18 guardian mummies (D)
  A wandering mushroom (D)
  A jumping spider (D)
  4 hornets (D)
  3 merfolk (D)
  A troll (shapeshifter) (D)
  A slime creature (D)
  3 blink frogs (D)
  6 redbacks (D)
  A shadow (D)
  A water elemental (D)
  A ynoxinul (D)
  11 spriggans (D)
  A basilisk (D)
  A neqoxec (D)
  A yak (D)
  4 golden eyes (D)
  A wraith (D)
  A chaos spawn (D)
  2 vampire mosquitoes (D)
  A water moccasin (shapeshifter) (D)
  4 water moccasins (D)
  2 acid dragons (D)
  A floating eye (D)
  2 swamp drakes (D)
  9 orc warriors (D)
  An ogre (D)
  An ice beast (D)
  A sky beast (D)
  A wolf (D)
  An eye of draining (D)
  2 boggarts (D)
  2 centaurs (D)
  A bullfrog (D)
  A scorpion (D)
  A hound (D)
  A quasit (D)
  A jelly (D)
  4 orc priests (D)
  4 orc wizards (D)
  2 adders (D)
  A white imp (D)
  2 adder zombies (D)
  4 ball lightnings (D)
  A dart slug (D)
  A leopard gecko (D)
  11 orcs (D)
  A goblin (D)
  2 hobgoblins (D)
  2 giant cockroach zombies (D)
  A leopard gecko zombie (D)
497 creatures vanquished.

Vanquished Creatures (collateral kills)
  2 nagarajas (D)
  A stone giant (D)
  A hydra (D)
  An ogre mage (D)
  A wolf spider (D)
  2 demonic crawlers (D)
  A redback (D)
9 creatures vanquished.

Vanquished Creatures (others)
  A war gargoyle (D)
  3 merfolk aquamancers (D)
  A vampire mage (D)
  A vampire (D)
  A ball lightning (D)
7 creatures vanquished.

Grand Total: 513 creatures vanquished

Notes
Turn   | Place    | Note
-------+----------+-------------------------------------------
     0 | D        | mhtbhm the Minotaur Fighter began the quest for the Orb.
     0 | D        | Reached XP level 1. HP: 19/19 MP: 0/0
    10 | D        | Reached XP level 2. HP: 28/28 MP: 1/1
   116 | D        | Noticed a sky beast
   116 | D        | Noticed an ice beast
   133 | D        | Reached skill level 5 in Fighting
   133 | D        | Reached skill level 5 in Armour
   133 | D        | Reached skill level 5 in Shields
   133 | D        | Reached XP level 3. HP: 36/36 MP: 2/2
   136 | D        | Killed a sky beast
   136 | D        | Reached XP level 4. HP: 40/45 MP: 3/3
   146 | D        | Killed an ice beast
   146 | D        | Reached skill level 5 in Long Blades
   146 | D        | Reached skill level 1 in Dodging
   146 | D        | Reached XP level 5. HP: 3/53 MP: 4/4
   153 | D        | Found a roughly hewn altar of Beogh.
   153 | D        | Found a snail-covered altar of Cheibriados.
   153 | D        | Found a shadowy altar of Dithmenos.
   153 | D        | Found a white marble altar of Elyvilon.
   153 | D        | Found a blossoming altar of Fedhas.
   153 | D        | Found an opulent altar of Gozag.
   154 | D        | Found a hazy altar of Hepliaklqana.
   155 | D        | Found a viscous altar of Jiyva.
   156 | D        | Found an ancient bone altar of Kikubaaqudgha.
   157 | D        | Found a corrupted altar of Lugonu.
   158 | D        | Found a burning altar of Makhleb.
   159 | D        | Found a sparkling altar of Nemelex Xobeh.
   160 | D        | Found an iron altar of Okawaru.
   161 | D        | Found a stormy altar of Qazlal.
   162 | D        | Found a sacrificial altar of Ru.
   163 | D        | Found a shimmering blue altar of Sif Muna.
   164 | D        | Found a bloodstained altar of Trog.
   165 | D        | Found a hide-covered altar of Uskayaw.
   166 | D        | Found a radiant altar of Vehumet.
   167 | D        | Found an ornate altar of the Wu Jian Council.
   168 | D        | Found a shimmering altar of Xom.
   169 | D        | Found a basalt altar of Yredelemnul.
   170 | D        | Found a glowing silver altar of Zin.
   171 | D        | Found a glowing golden altar of the Shining One.
   172 | D        | Became a worshipper of Trog the Wrathful
   196 | D        | Noticed a centaur
   198 | D        | Killed a centaur
   198 | D        | Reached XP level 6. HP: 14/62 MP: 5/5
   200 | D        | Reached * piety under Trog
   201 | D        | Reached skill level 10 in Armour
   201 | D        | Reached ** piety under Trog
   443 | D        | Noticed a wraith
   443 | D        | Noticed a white ugly thing
   443 | D        | Noticed a centaur warrior
   447 | D        | Reached skill level 10 in Shields
   453 | D        | Killed a white ugly thing
   453 | D        | Reached skill level 10 in Fighting
   453 | D        | Reached XP level 7. HP: 72/72 MP: 6/6
   455 | D        | Killed a wraith
   466 | D        | Killed a centaur warrior
   466 | D        | Reached *** piety under Trog
   466 | D        | Reached skill level 10 in Long Blades
   466 | D        | Reached skill level 1 in Evocations
   466 | D        | Reached XP level 8. HP: 34/82 MP: 7/7
   765 | D        | Noticed a komodo dragon
   765 | D        | Noticed a cane toad
   765 | D        | Noticed a cane toad
   765 | D        | Noticed a rime drake
   765 | D        | Noticed a blink frog
   776 | D        | Killed a komodo dragon
   776 | D        | Reached **** piety under Trog
   776 | D        | Reached XP level 9. HP: 90/90 MP: 8/8
   778 | D        | Killed a cane toad
   781 | D        | Killed a cane toad
   788 | D        | Killed a rime drake
   791 | D        | Reached ***** piety under Trog
   892 | D        | Noticed a five-headed hydra
   892 | D        | Noticed an elephant
   897 | D        | Noticed a komodo dragon
   899 | D        | Killed a seven-headed hydra
   899 | D        | Received a gift from Trog
   899 | D        | Reached XP level 10. HP: 101/101 MP: 9/9
   904 | D        | Reached skill level 15 in Armour
   906 | D        | Killed an elephant
  1004 | D        | Noticed an elephant
  1004 | D        | Noticed an elephant
  1004 | D        | Noticed an elephant
  1004 | D        | Noticed a dire elephant
  1004 | D        | Noticed an elephant
  1004 | D        | Noticed an elephant
  1010 | D        | Killed an elephant
  1010 | D        | Received a gift from Trog
  1015 | D        | Killed an elephant
  1020 | D        | Killed a dire elephant
  1020 | D        | Reached skill level 15 in Long Blades
  1024 | D        | Killed an elephant
  1035 | D        | Killed an elephant
  1035 | D        | Reached skill level 5 in Dodging
  1035 | D        | Reached skill level 15 in Shields
  1035 | D        | Reached XP level 11. HP: 92/111 MP: 10/10
  1050 | D        | Reached ****** piety under Trog
  1060 | D        | Received a gift from Trog
  1306 | D        | Noticed Joseph
  1315 | D        | Killed Joseph
  1341 | D        | Noticed Psyche
  1345 | D        | Killed Psyche
  1380 | D        | Reached skill level 15 in Fighting
  1392 | D        | Received a gift from Trog
  1453 | D        | Noticed an orc sorcerer
  1458 | D        | Killed an orc sorcerer
  1459 | D        | Noticed an orc knight
  1472 | D        | Received a gift from Trog
  1483 | D        | Killed an orc knight
  1695 | D        | Found Miyr's Assorted Antiques.
  1695 | D        | Noticed an orc sorcerer
  1695 | D        | Noticed an orc high priest
  1695 | D        | Noticed an orc sorcerer
  1695 | D        | Noticed an orc high priest
  1695 | D        | Noticed an orc knight
  1696 | D        | Noticed a sixfirhy
  1697 | D        | Noticed an orc sorcerer
  1700 | D        | Noticed an orc high priest
  1701 | D        | Noticed a sun demon
  1703 | D        | Killed an orc sorcerer
  1704 | D        | Found Xohiam's Assorted Antiques.
  1708 | D        | Killed an orc high priest
  1708 | D        | Received a gift from Trog
  1710 | D        | Killed an orc sorcerer
  1712 | D        | Noticed an orc sorcerer
  1712 | D        | Found Pelun's Antique Weapon Emporium.
  1713 | D        | Noticed a soul eater
  1716 | D        | Killed an orc high priest
  1721 | D        | Killed an orc knight
  1726 | D        | Noticed a sun demon
  1726 | D        | Noticed a sun demon
  1727 | D        | Killed an orc sorcerer
  1732 | D        | Noticed a soul eater
  1737 | D        | Killed an orc sorcerer
  1737 | D        | Received a gift from Trog
  1739 | D        | Killed an orc high priest
  2035 | D        | Got a shimmering demon blade {god gift}
  2036 | D        | Identified the +3 demon blade "Symieher" {flame, rF+} (Trog
                  | gifted it to you in the Dungeon)
  2103 | D        | Found Tatocreu's Armour Shoppe.
  2108 | D        | Noticed an orc high priest
  2120 | D        | Killed an orc high priest
  2120 | D        | Reached XP level 12. HP: 82/124 MP: 11/11
  2142 | D        | Bought a translucent lapis lazuli ring for 135 gold pieces
  2150 | D        | Bought a ruby potion for 24 gold pieces
  2150 | D        | Bought a scroll of enchant weapon for 202 gold pieces
  2152 | D        | Bought a scroll labeled ISMIOT TUERPHUO for 23 gold pieces
  2152 | D        | Bought a lightning rod (4/4) for 920 gold pieces
  2152 | D        | Bought a scroll of identify for 46 gold pieces
  2155 | D        | Identified the ring of Quhy {rPois rCorr Str+5} (You bought
                  | it in a shop in the Dungeon)
  2178 | D        | Bought a +4 chain mail of cold resistance for 441 gold
                  | pieces
  2527 | D        | Received a gift from Trog
  2534 | D        | Noticed a tengu reaver
  2539 | D        | Noticed a vampire mage
  2543 | D        | Noticed a jiangshi
  2545 | D        | Noticed a stone giant
  2551 | D        | Killed a tengu reaver
  2551 | D        | Received a gift from Trog
  2558 | D        | Killed a vampire mage
  2560 | D        | Noticed a tengu warrior
  2564 | D        | Killed a stone giant
  2565 | D        | Noticed an ogre mage
  2566 | D        | Noticed a lich
  2568 | D        | Killed a tengu warrior
  2568 | D        | Reached skill level 1 in Stealth
  2574 | D        | Killed a lich
  2576 | D        | Reached skill level 5 in Evocations
  2579 | D        | Killed an ogre mage
  2579 | D        | Received a gift from Trog
  2703 | D        | Noticed Urug
  2713 | D        | Killed Urug
  2805 | D        | Noticed Nergalle
  2810 | D        | Killed Nergalle
  2855 | D        | Noticed a merfolk aquamancer
  2867 | D        | Killed a merfolk aquamancer
  2867 | D        | Received a gift from Trog
  2883 | D        | Reached XP level 13. HP: 135/137 MP: 12/12
  2889 | D        | Received a gift from Trog
  3055 | D        | Received a gift from Trog
  3179 | D        | Noticed an entropy weaver
  3197 | D        | Killed an entropy weaver
  3197 | D        | Received a gift from Trog
  3213 | D        | Received a gift from Trog
  3626 | D        | Noticed a nagaraja
  3633 | D        | Reached skill level 1 in Throwing
  3644 | D        | Killed a nagaraja
  3644 | D        | Received a gift from Trog
  4024 | D        | Noticed an ettin
  4024 | D        | Noticed a fire dragon
  4025 | D        | Noticed a frost giant
  4027 | D        | Received a gift from Trog
  4029 | D        | Killed an ettin
  4031 | D        | Killed a fire dragon
  4031 | D        | Noticed a white very ugly thing
  4032 | D        | Noticed a stone giant
  4037 | D        | Killed a frost giant
  4037 | D        | Received a gift from Trog
  4037 | D        | Noticed an ettin
  4042 | D        | Killed a white very ugly thing
  4042 | D        | Reached XP level 14. HP: 149/149 MP: 13/13
  4050 | D        | Killed a stone giant
  4057 | D        | Reached skill level 10 in Dodging
  4061 | D        | Noticed a stone giant
  4070 | D        | Killed a stone giant
  4070 | D        | Received a gift from Trog
  4376 | D        | Noticed an ironheart preserver
  4377 | D        | Noticed an ironheart preserver
  4380 | D        | Killed an ironheart preserver
  4382 | D        | Received a gift from Trog
  4382 | D        | Killed an ironheart preserver
  4389 | D        | Received a gift from Trog
  4393 | D        | Noticed a tengu reaver
  4420 | D        | Killed a tengu reaver
  4420 | D        | Reached skill level 5 in Stealth
  4432 | D        | Reached skill level 10 in Evocations
  4439 | D        | Received a gift from Trog
  4445 | D        | Reached skill level 5 in Throwing
  4455 | D        | Received a gift from Trog
  4456 | D        | Noticed a vault warden
  4463 | D        | Killed a vault warden
  4553 | D        | Noticed a vault warden
  4561 | D        | Killed a vault warden
  4990 | D        | Got the +0 tower shield of Grace {rElec rPois Int+4}
  5137 | D        | Noticed a nagaraja
  5137 | D        | Noticed a nagaraja
  5146 | D        | Noticed a nagaraja
  5147 | D        | Killed a nagaraja
  5147 | D        | Received a gift from Trog
  5149 | D        | Noticed a nagaraja
  5159 | D        | Killed a nagaraja
  5160 | D        | Noticed a nagaraja
  5168 | D        | Noticed a nagaraja
  5169 | D        | Killed a nagaraja
  5169 | D        | Received a gift from Trog
  5170 | D        | Noticed a nagaraja
  5175 | D        | Killed a nagaraja
  5187 | D        | HP: 3/152 [nagaraja collision (10)]
  5193 | D        | Killed a nagaraja
  5193 | D        | Received a gift from Trog
  5193 | D        | Reached XP level 15. HP: 19/160 MP: 14/14
  5195 | D        | Killed a nagaraja
  5290 | D        | Killed a nagaraja
  5576 | D        | Got a serpentine rune of Zot
  5603 | D        | Received a gift from Trog
  5615 | D        | Killed a ghost moth
  5617 | D        | Received a gift from Trog
  5631 | D        | Received a gift from Trog
  5635 | D        | Got a gossamer rune of Zot
  5726 | D        | Noticed Ilsuiw
  5734 | D        | Received a gift from Trog
  5760 | D        | Killed Ilsuiw
  5780 | D        | Received a gift from Trog
  5793 | D        | Got a barnacled rune of Zot
  5864 | D        | Received a gift from Trog
  5875 | D        | Reached skill level 27 in Shields
  5885 | D        | Received a gift from Trog
  5903 | D        | Got a decaying rune of Zot
  6004 | D        | Noticed Frederick
  6013 | D        | Killed Frederick
  6106 | D        | Received a gift from Trog
  6173 | D        | Received a gift from Trog
  6187 | D        | Reached XP level 16. HP: 178/178 MP: 15/15
  6235 | D        | Received a gift from Trog
  6415 | D        | Noticed an ancient lich
  6420 | D        | Received a gift from Trog
  6424 | D        | Killed an ancient lich
  6424 | D        | Reached skill level 27 in Fighting
  6427 | D        | Received a gift from Trog
  6427 | D        | Noticed a shadow dragon
  6431 | D        | Noticed a shadow dragon
  6440 | D        | Killed a shadow dragon
  6440 | D        | Received a gift from Trog
  6440 | D        | Reached skill level 27 in Long Blades
  6443 | D        | Reached skill level 10 in Throwing
  6450 | D        | Killed a shadow dragon
  6753 | D        | Noticed a sphinx
  6753 | D        | Noticed a shadow dragon
  6753 | D        | Noticed a shadow dragon
  6753 | D        | Noticed a shadow dragon
  6753 | D        | Noticed a shadow dragon
  6753 | D        | Noticed a shadow dragon
  6755 | D        | Killed a sphinx
  6757 | D        | Noticed an ancient lich
  6759 | D        | Killed a shadow dragon
  6759 | D        | Killed a shadow dragon
  6759 | D        | Killed a shadow dragon
  6759 | D        | Received a gift from Trog
  6761 | D        | Killed a shadow dragon
  6762 | D        | Noticed a shadow dragon
  6763 | D        | Killed an ancient lich
  6764 | D        | Killed a shadow dragon
  6768 | D        | Noticed a titan
  6786 | D        | Killed a shadow dragon
  6786 | D        | Received a gift from Trog
  6786 | D        | Reached XP level 17. HP: 84/191 MP: 16/16
  6789 | D        | Killed a titan
  6927 | D        | Got a silver rune of Zot
  6955 | D        | Noticed Boris
  6967 | D        | Killed Boris
  7000 | D        | Noticed Louise
  7018 | D        | Killed Louise
  7018 | D        | Received a gift from Trog
  7021 | D        | Noticed Mennas
  7037 | D        | Killed Mennas
  7210 | D        | Got the ring of the Illusory Visions {Int+4 Dex+3 Slay+6}
  7212 | D        | Got the ring of Xodog {MR+++ EV+3 Slay-3}
  7214 | D        | Got the ring of Ross {rElec EV+4}
  7216 | D        | Got the ring "Peimn" {rF+ rC+++ MR+ Str-2 Dex+3}
  7218 | D        | Got the ring "Cophimo" {*Corrode rElec Int+3 Slay+3}
  7321 | D        | Noticed Mara
  7332 | D        | Killed Mara
  7390 | D        | Noticed Jory
  7405 | D        | Killed Jory
  7435 | D        | Noticed a caustic shrike
  7443 | D        | Received a gift from Trog
  7451 | D        | Killed a caustic shrike
  7451 | D        | Reached skill level 15 in Dodging
  7459 | D        | Received a gift from Trog
  7472 | D        | Received a gift from Trog
  7644 | D        | Noticed a golden dragon
  7647 | D        | Received a gift from Trog
  7649 | D        | Killed a golden dragon
  7652 | D        | Noticed a golden dragon
  7667 | D        | Killed a golden dragon
  7667 | D        | Received a gift from Trog
  7672 | D        | Reached skill level 27 in Armour
  7722 | D        | Noticed a tentacled monstrosity
  7724 | D        | Noticed a quicksilver dragon
  7726 | D        | Killed a tentacled monstrosity
  7726 | D        | Reached XP level 18. HP: 197/200 MP: 17/17
  7757 | D        | Noticed a tentacled monstrosity
  7760 | D        | Received a gift from Trog
  7761 | D        | Reached skill level 27 in Throwing
  7766 | D        | Killed a tentacled monstrosity
  7775 | D        | Noticed a tentacled monstrosity
  7779 | D        | Received a gift from Trog
  7790 | D        | Killed a tentacled monstrosity
  7797 | D        | Received a gift from Trog
  7937 | D        | Got an ichor-stained double sword {god gift}
  7938 | D        | Identified the +7 double sword of Brutal Revenge {flame,
                  | Int+2} (Trog gifted it to you in the Dungeon)
  7962 | D        | Received a gift from Trog
  7968 | D        | Received a gift from Trog
  8151 | D        | Noticed an Orb Guardian
  8151 | D        | Noticed an Orb Guardian
  8151 | D        | Noticed an Orb Guardian
  8151 | D        | Noticed an Orb Guardian
  8151 | D        | Noticed an Orb Guardian
  8151 | D        | Noticed an Orb Guardian
  8153 | D        | Killed an Orb Guardian
  8154 | D        | Noticed an Orb Guardian
  8156 | D        | Killed an Orb Guardian
  8159 | D        | Killed an Orb Guardian
  8161 | D        | Noticed an Orb Guardian
  8162 | D        | Killed an Orb Guardian
  8164 | D        | Killed an Orb Guardian
  8171 | D        | Killed an Orb Guardian
  8171 | D        | Received a gift from Trog
  8177 | D        | Killed an Orb Guardian
  8181 | D        | Killed an Orb Guardian
  8183 | D        | Noticed an Orb Guardian
  8184 | D        | Noticed an Orb Guardian
  8193 | D        | Killed an Orb Guardian
  8193 | D        | Reached skill level 27 in Dodging
  8197 | D        | Killed an Orb Guardian
  8204 | D        | Noticed an Orb Guardian
  8204 | D        | Noticed an Orb Guardian
  8204 | D        | Noticed a tentacled monstrosity
  8207 | D        | Reached skill level 5 in Unarmed Combat
  8208 | D        | Noticed an Orb Guardian
  8210 | D        | Killed an Orb Guardian
  8211 | D        | Noticed an Orb Guardian
  8213 | D        | Killed a tentacled monstrosity
  8213 | D        | Received a gift from Trog
  8215 | D        | Killed an Orb Guardian
  8221 | D        | Killed an Orb Guardian
  8224 | D        | Killed an Orb Guardian
  8224 | D        | Reached skill level 10 in Stealth
  8224 | D        | Reached skill level 10 in Unarmed Combat
  8224 | D        | Reached skill level 15 in Evocations
  8233 | D        | Noticed an ancient lich
  8243 | D        | Killed an ancient lich
  8243 | D        | Reached XP level 19. HP: 193/207 MP: 18/18
  8261 | D        | Noticed an orb of fire
  8261 | D        | Gained mutation: You tend to lose your temper in combat.
                  | [an orb of fire]
  8265 | D        | Killed an orb of fire
  8265 | D        | Received a gift from Trog
  8286 | D        | Noticed an electric golem
  8298 | D        | Killed an electric golem
  8331 | D        | Noticed an electric golem
  8331 | D        | Noticed an orb of fire
  8331 | D        | Noticed an orb of fire
  8333 | D        | Killed an orb of fire
  8334 | D        | Reached skill level 15 in Unarmed Combat
  8335 | D        | Killed an orb of fire
  8336 | D        | Noticed an orb of fire
  8337 | D        | Reached skill level 15 in Stealth
  8341 | D        | Killed an electric golem
  8341 | D        | Killed an orb of fire
  8341 | D        | Received a gift from Trog
  8342 | D        | Noticed an orb of fire
  8351 | D        | Noticed an orb of fire
  8358 | D        | Killed an orb of fire
  8362 | D        | Gained mutation: Scrolls take you a little longer to read.
                  | [an orb of fire]
  8367 | D        | Killed an orb of fire
  8382 | D        | Received a gift from Trog
  8384 | D        | Noticed a curse toe
  8395 | D        | Killed a curse toe
  8399 | D        | Lost mutation: Scrolls take you a little longer to read.
                  | [potion of mutation]
  8399 | D        | Lost mutation: You tend to lose your temper in combat.
                  | [potion of mutation]
  8399 | D        | Gained mutation: You are surrounded by a mild repulsion
                  | field. (EV +2) [potion of mutation]
  8399 | D        | Gained mutation: Your flesh is cold resistant. (rC+)
                  | [potion of mutation]
  8472 | D        | Received a gift from Trog
  8473 | D        | Reached XP level 20. HP: 170/216 MP: 19/19
  8565 | D        | Received a gift from Trog
  8652 | D        | Received a gift from Trog
  8656 | D        | Received a gift from Trog
  8665 | D        | Paralysed by a vampire knight for 6 turns
  8678 | D        | Received a gift from Trog
  8692 | D        | Got a transparent double sword {god gift}
  8693 | D        | Identified the +1 double sword of the Endless Expanse
                  | {flame, Dex+3} (Trog gifted it to you in the Dungeon)
  8905 | D        | Received a gift from Trog
  8920 | D        | Received a gift from Trog
  8933 | D        | Received a gift from Trog
  8942 | D        | Got an elven rune of Zot
  8986 | D        | Received a gift from Trog
  9091 | D        | Noticed the Royal Jelly
  9099 | D        | Killed the Royal Jelly
  9099 | D        | Received a gift from Trog
  9114 | D        | Reached skill level 27 in Unarmed Combat
  9116 | D        | Received a gift from Trog
  9134 | D        | Got a slimy rune of Zot
  9240 | D        | Received a gift from Trog
  9242 | D        | Reached XP level 21. HP: 212/224 MP: 20/20
  9242 | D        | Received a gift from Trog
  9257 | D        | Received a gift from Trog
  9263 | D        | Reached skill level 27 in Evocations
  9335 | D        | Received a gift from Trog
  9386 | D        | Noticed a greater mummy
  9387 | D        | Received a gift from Trog
  9390 | D        | Killed a greater mummy
  9390 | D        | Reached skill level 27 in Stealth
  9630 | D        | Received a gift from Trog
  9766 | D        | Noticed a greater mummy
  9766 | D        | Noticed a greater mummy
  9766 | D        | Noticed a greater mummy
  9766 | D        | Noticed a greater mummy
  9769 | D        | Killed a greater mummy
  9769 | D        | Killed a greater mummy
  9769 | D        | Killed a greater mummy
  9769 | D        | Noticed a greater mummy
  9770 | D        | Killed a greater mummy
  9770 | D        | Received a gift from Trog
  9774 | D        | Noticed a greater mummy
  9777 | D        | Killed a greater mummy
  9783 | D        | Noticed a greater mummy
  9785 | D        | Killed a greater mummy
 10079 | D        | Killed a greater mummy
 10079 | D        | Received a gift from Trog
 10277 | D        | Got a golden rune of Zot
 10289 | D        | Received a gift from Trog
 10350 | D        | Got an abyssal rune of Zot
 10476 | D        | Noticed Geryon
 10488 | D        | Killed Geryon
 10521 | D        | Identified the +7 sceptre of Asmodeus
 10521 | D        | Noticed Asmodeus
 10521 | D        | Identified the +4 staff of Dispater
 10521 | D        | Noticed Dispater
 10522 | D        | Noticed Lom Lobon
 10528 | D        | Noticed Mnoleg
 10540 | D        | Killed Asmodeus
 10558 | D        | Killed Dispater
 11758 | D        | Received a gift from Trog
 11767 | D        | Killed Lom Lobon
 11767 | D        | Reached XP level 22. HP: 233/233 MP: 4/21
 11780 | D        | Killed Mnoleg
 11903 | D        | Identified the +6 sword of Cerebov {flame}
 11903 | D        | Noticed Cerebov
 11934 | D        | Killed Cerebov
 12041 | D        | Noticed Antaeus
 12042 | D        | Noticed Gloorx Vloq
 12056 | D        | Slain by Antaeus

Illustrated notes

Levels and vault maps discovered:
D:        linesprint [early_d, line_temple, items_1, d_10, items_2, lair_1,
          lair_end, items_3, orc_1, orc_end, items_4, d_15, swamp_1, shoals_1,
          snake_1, spider_1, d_20, vaults_1, items_5, swamp_end, shoals_end,
          snake_end, spider_end, vaults_end, d_27, items_6, zot_1, zot_end,
          crypt_end, forest_end, elf_end, slime_end, tomb_end, abyss_end,
          pan_hell_end]

Skill      XL: |  1  2  3  4  5  6  7  8  9 10 11 12 13 14 15 16 17 18 19 20 21 |
---------------+----------------------------------------------------------------+-----
Fighting       | 4 5 6 7 8 10 11 13 14 16 19 20 21 25 27 | 27.0
Armour         | 4 5 7 8 9 11 13 14 15 17 19 20 22 23 27 | 27.0
Shields        | 4 5 7 8 9 10 12 13 15 17 19 22 25 27 | 27.0
Long Blades    | 3 4 5 6 8 10 11 13 15 17 19 20 22 24 27 | 27.0
Dodging        | 1 2 3 4 5 6 7 9 10 11 13 16 27 | 27.0
Evocations     | 1 2 3 5 8 11 12 15 21 26 27 | 27.0
Stealth        | 3 4 5 11 19 24 27 | 27.0
Throwing       | 3 6 7 17 26 27 | 27.0
Unarmed Combat | 12 21 27 | 27.0

Action                   |  1- 3 |  4- 6 |  7- 9 | 10-12 | 13-15 | 16-18 | 19-21 | 22-24 || total
-------------------------+-------+-------+-------+-------+-------+-------+-------+-------++-------
Melee: Long sword        |    24 |    14 |       |       |       |       |       |       ||    38
       Headbutt          |     4 |     6 |    14 |    72 |   127 |   108 |    83 |    12 ||   426
       Scimitar          |       |     8 |    52 |   103 |       |       |       |       ||   163
       Demon blade       |       |       |       |   141 |   407 |   221 |       |       ||   769
       Double sword      |       |       |       |       |       |    69 |   239 |    32 ||   340
Throw: Javelin           |       |       |       |     1 |    14 |    54 |    83 |    10 ||   162
Invok: Berserk           |       |     1 |     2 |     6 |     4 |     5 |     4 |     1 ||    23
       Brothers in Arms  |       |       |       |       |     5 |       |     1 |       ||     6
       Trog's Hand       |       |       |       |       |       |       |     1 |       ||     1
 Abil: Evoke Invisibilit |       |       |       |     1 |     2 |       |       |       ||     3
Evoke: Wand              |       |     2 |     3 |     5 |       |       |       |       ||    10
       Lightning rod     |       |       |       |     2 |    32 |       |     4 |       ||    38
       Condenser vane    |       |       |       |       |       |       |     4 |     1 ||     5
  Use: Potion            |     1 |       |       |     1 |     5 |     1 |    11 |     6 ||    25
       Scroll            |       |       |       |     2 |     1 |    12 |     7 |       ||    22
 Stab: Invisible         |       |       |       |     3 |       |       |       |       ||     3
Armor: Scale mail        |     9 |     7 |       |       |       |       |       |       ||    16
       Chain mail        |       |       |    12 |    49 |    92 |    11 |       |       ||   164
       Plate armour      |       |       |       |       |       |    19 |       |       ||    19
       Gold dragon scale |       |       |       |       |       |    29 |    44 |    12 ||    85
Dodge: Dodged            |     4 |     9 |    10 |    42 |    83 |    44 |    66 |    17 ||   275
Block: Kite shield       |    11 |     5 |    26 |    76 |    38 |       |       |       ||   156
       Tower shield      |       |       |       |    42 |   355 |   175 |   186 |    33 ||   791
       Reflection        |       |       |       |       |     1 |       |       |       ||     1
       Rpst.: Long sword |     1 |       |       |       |       |       |       |       ||     1
       Scimitar          |       |       |     3 |     5 |       |       |       |       ||     8
       Demon blade       |       |       |       |     6 |    10 |     3 |       |       ||    19
       Double sword      |       |       |       |       |       |     2 |     9 |     2 ||    13

Table legend: (Time is in decaauts) A = Elapsed time spent in this place. B = Non-inter-level travel time spent in this place. C = Inter-level travel time spent in this place. D = Time resting spent in this place. E = Time spent auto-exploring this place. F = Levels seen in this place. G = Mean time per level. A B C D E F G +--------+--------+--------+--------+--------+-----+--------+ Total | 11817 | 11367 | 450 | 4839 | 2172 | 1 | 11817.0 | Dungeon | 11817 | 11367 | 450 | 4839 | 2172 | 1 | 11817.0 | +--------+--------+--------+--------+--------+-----+--------+

Top non-repeatable levels by time:
       D: 11817 daAuts
